 Dungeon Crawl Stone Soup version 0.21.1-1-g345015fe64 (webtiles) character file.

81 Kohma the Bolt Thrower (level 4, 26/26 HPs)
             Began as a Kobold Hunter on June 28, 2018.
             Quit the game on level 3 of the Dungeon.
             The game lasted 00:07:11 (1741 turns).

Kohma the Bolt Thrower (Kobold Hunter)              Turns: 1741, Time: 00:07:11

Health: 26/26      AC:  4    Str:  9    XL:     4   Next: 68%
Magic:  4/4        EV: 15    Int: 12    God:
Gold:   39         SH:  0    Dex: 16    Spells: 3/3 levels left

rFire    . . .     SeeInvis .   a - +1 hand crossbow
rCold    . . .     Gourm    .   (shield restricted)
rNeg     . . .     Faith    .   c - +0 leather armour
rPois    .         Spirit   .   t - +0 helmet
rElec    .         Reflect  .   (no cloak)
rCorr    .         Harm     .   (no gloves)
MR       .....                  (no boots)
Stlth    ++........             (no amulet)
HPRegen  0.08/turn              (no ring)
MPRegen  0.09/turn              (no ring)

@: no status effects
A: small, carnivore
a: no special abilities


You were on level 3 of the Dungeon.
You were completely stuffed.

You visited 1 branch of the dungeon, and saw 3 of its levels.

You collected 39 gold pieces.

Inventory:

Hand Weapons
 a - a +1 hand crossbow (weapon)
 b - a +0 short sword
Missiles
 d - 40 bolts (quivered)
Armour
 c - a +0 leather armour (worn)
 t - a +0 helmet (worn)
Jewellery
 r - a +2 ring of intelligence {unknown}
Scrolls
 g - a scroll of amnesia {unknown}
 h - 2 scrolls of random uselessness {unknown}
 i - a scroll of noise {unknown}
 k - a scroll of remove curse {unknown}
 l - a scroll of teleportation {unknown}
 m - 4 scrolls of identify {unknown}
 n - a scroll of fog {unknown}
 q - a scroll of enchant weapon {unknown}
 s - a scroll of blinking {unknown}
Potions
 e - a potion of curing {unknown}
 j - 2 potions of lignification {unknown}
 o - a potion of mutation {unknown}
Comestibles
 f - 5 rations
 p - 2 chunks of flesh


   Skills:
 - Level 2.1 Fighting
 * Level 6.0 Crossbows
 + Level 3.3 Dodging
 + Level 3.2 Stealth


You had 3 spell levels left.
You didn't know any spells.

Dungeon Overview and Level Annotations

Branches:
Dungeon (3/15)

Altars:
Cheibriados


Innate Abilities, Weirdness & Mutations

You are small and have problems with some larger weapons.
You are carnivorous and can eat meat at any time.


Message History

The jackal closely misses you. The jackal misses you.
Firing (i - inventory):
d - 38 bolts (quivered)
Press: ? - help, Shift-Dir - straight line, f/p - jackal
Aim: a jackal (moderately wounded)
You shoot a bolt. The bolt hits the jackal!
You kill the jackal!
Your Crossbows skill increases to level 6!
Firing (i - inventory):
d - 37 bolts (quivered)
Press: ? - help, Shift-Dir - straight line, f - jackal
Aim: a jackal You shoot a bolt.
The bolt hits the jackal.
You kill the jackal!
No target in view!
No target in view!
d - 39 bolts (gained 3)
d - 40 bolts (gained 1)
You see here a jackal corpse.
Quiver which item? (- for none, * to show all) (? for menu, Esc to quit)
Okay, then.
Are you sure you want to abandon this character and quit the game? (Confirm with "yes".)

#...#######. #..#####
+...'....... #..####
####...###########.....#
#...................##.#
#.#.#+############### #
# #.# ..# #.####.#
#......# #####.@# #..#
#..# ...# ....# ######


There were no monsters in sight!

Vanquished Creatures
  An adder (D:2)
  A worm (D:2)
  5 dart slugs
  2 leopard geckos (D:1)
  7 bats
  A giant cockroach (D:2)
  3 hobgoblins
  6 jackals
  2 quokkas (D:2)
  3 frilled lizards
  5 goblins
  10 kobolds
  9 rats
  A plant (D:1)
56 creatures vanquished.

Notes
Turn   | Place    | Note
-------+----------+-------------------------------------------
     0 | D:1      | Kohma the Kobold Hunter began the quest for the Orb.
     0 | D:1      | Reached XP level 1. HP: 12/12 MP: 1/1
   265 | D:1      | Reached skill level 5 in Crossbows
   265 | D:1      | Reached XP level 2. HP: 17/17 MP: 2/2
   553 | D:1      | Reached XP level 3. HP: 21/21 MP: 3/3
  1046 | D:2      | Reached XP level 4. HP: 26/26 MP: 4/4
  1294 | D:2      | Found a snail-covered altar of Cheibriados.
  1734 | D:3      | Reached skill level 6 in Crossbows
  1741 | D:3      | Quit the game

Skill      XL: |  1  2  3  4 |
---------------+-------------+-----
Crossbows      | 5 6 |  6.0
Stealth        | 2 3 |  3.2
Dodging        | 3 |  3.3
Fighting       | |  2.1

Action                   |  1- 3 |  4- 6 || total
-------------------------+-------+-------++-------
Melee: Short sword       |    95 |       ||    95
 Fire: Hand crossbow     |    82 |    38 ||   120
  Eat: Chunk             |     9 |     2 ||    11
Armor: Leather armour    |     7 |     3 ||    10
Dodge: Dodged            |    28 |     9 ||    37
